 Dungeon Crawl Stone Soup version 0.27.0-66-gdc8fb28755 (webtiles) character file.

Game seed: 15852469229051630371

18 chaosape the Magician (level 2, -2/19 HPs)
             Began as a Human Wanderer on Aug 21, 2021.
             Succumbed to an adder's poison
             ... on level 1 of the Dungeon.
             The game lasted 00:22:44 (1916 turns).

chaosape the Magician (Human Wanderer)              Turns: 1916, Time: 00:22:54

Health: -2/19      AC:  5    Str:  9 (10) XL:     2   Next: 85%
Magic:  6/7        EV:  9    Int: 13 (14) God:
Gold:   61         SH:  0    Dex: 11 (12) Spells: 6/10 levels left

rFire    . . .     SeeInvis .   a - +0 dagger
rCold    . . .     Faith    .   (no shield)
rNeg     . . .     Spirit   .   j - +0 ring mail
rPois    .         Reflect  .   (no helmet)
rElec    .         Harm     .   (no cloak)
rCorr    .         Rampage  .   (no gloves)
Will     .....                  (no boots)
Stlth    +.........             (no amulet)
HPRegen  0.06/turn              (no ring)
MPRegen  0.10/turn              (no ring)

@: lethally poisoned (-2 -> -13)
A: no striking features
a: no special abilities


You were on level 1 of the Dungeon.
You visited 1 branch of the dungeon, and saw 2 of its levels.

You collected 61 gold pieces.

Inventory:

Hand Weapons
 a - a +0 dagger (weapon)
 d - a +0 dagger
Missiles
 h - 15 stones (quivered)
 i - 12 bolts
Armour
 b - a +0 robe
 j - a +0 ring mail (worn)
Scrolls
 e - a scroll of teleportation {unknown}
Potions
 c - a potion of lignification


   Skills:
 + Level 0.1 Armour
 + Level 1.0 Stealth
 + Level 1.0 Shields
 + Level 4.5 Spellcasting
 + Level 0.2 Conjurations
 + Level 2.0 Fire Magic
 + Level 2.0 Air Magic


You had 6 spell levels left.
You knew the following spells:

 Your Spells              Type           Power      Damage    Failure   Level
a - Shock                 Conj/Air       20%        1d4       34%         1
b - Magic Dart            Conj           12%        1d3       45%         1
c - Call Imp              Summ           2%         N/A       63%         2

Your spell library contained the following spells:

 Spells                   Type           Power      Damage    Failure   Level
 Blink                    Tloc           N/A        N/A       63%         2
 Slow                     Hex            2%         N/A       63%         2
 Conjure Flame            Conj/Fire      5%         6-21      71%         3
 Mephitic Cloud           Conj/Pois/Air  4%         N/A       77%         3
 Portal Projectile        Hex/Tloc       4%         N/A       86%         3
 Blade Hands              Tmut           1%         N/A       100%        5
 Excruciating Wounds      Necr           1%         N/A       100%        5


Dungeon Overview and Level Annotations

Branches:
Dungeon (2/15)

Altars:


Message History

You climb downwards.
An adder and a giant cockroach come into view.
The adder hisses angrily.
There is a stone staircase leading up here.
A hobgoblin comes into view.
The hobgoblin shouts!
You hear an angry hiss.
An adder comes into view.
The adder hisses angrily.
The adder closely misses you.
The adder moves out of view.
The adder bites you but does no damage.
Casting: Shock (safe; 34% risk of failure)
Confirm with . or Enter, or press ? or * to list all spells.
Aiming: Shock (safe; 34% risk of failure)
Press: ? - help, Shift-Dir - straight line, f - giant cockroach
Aim: a giant cockroach (64% to hit)
The zap misses the adder.
The zap hits the giant cockroach but does no damage.
The adder misses you.
The hobgoblin hits you but does no damage.
The adder bites you but does no damage.
The giant cockroach bites you but does no damage.
The adder bites you.
The giant cockroach bites you but does no damage. x2
The adder bites you but does no damage. The adder bites you.
You are poisoned.
The adder poisons you! The giant cockroach bites you.
You feel sick. The adder bites you.
The giant cockroach bites you but does no damage.
The adder bites you.
You are more poisoned.
The adder poisons you! The adder bites you but does no damage.
You feel sick. The adder bites you but does no damage.
There is a stone staircase leading up here.
You feel sick. The adder bites you.
* * * LOW HITPOINT WARNING * * *
You are lethally poisoned!
The adder poisons you! The hobgoblin closely misses you. The adder bites you.
* * * LOW HITPOINT WARNING * * *
You climb upwards.
You die...

############## .............#
.###########.############### ..##
#...............# ...#
#######..############.######
...###.......#...# #........#
.....#.#####..##S#######.....##.#
####.#.# #.###@gS..........##.#
#.#.# ##.###########.....##.#
#.#.####............#.....##..
#.#...........#####.###.#.####
####.........###.# #.###.#.#
.....#.####.####.#####.....#.#
.......#....# #..............#
.###.#...#### #..#####..####.#
.###.#.#.# #..# #..####.#


You could see 2 adders and a hobgoblin.

Vanquished Creatures
  A dart slug (D:1)
  4 ball pythons
  A giant cockroach (D:1)
  A goblin (D:1)
  2 jackals (D:1)
  2 bats (D:1)
  4 frilled lizards
  A kobold (D:2)
16 creatures vanquished.

Notes
Turn   | Place    | Note
-------+----------+-------------------------------------------
     0 | D:1      | chaosape the Human Wanderer began the quest for the Orb.
     0 | D:1      | chaosape set off with the following items: a +0 dagger, a
                  | +0 robe, a potion of lignification; and the following
                  | spells available to memorise: Shock, Magic Dart, Blink,
                  | Call Imp, Slow, Conjure Flame, Mephitic Cloud
     0 | D:1      | Reached XP level 1. HP: 13/13 MP: 5/5
     2 | D:1      | Learned a level 1 spell: Shock
     4 | D:1      | Learned a level 1 spell: Magic Dart
   524 | D:1      | Reached XP level 2. HP: 19/19 MP: 4/7
   527 | D:1      | Learned a level 2 spell: Call Imp
  1916 | D:1      | Succumbed to an adder's poison

Illustrated notes

Levels and vault maps discovered:
D:1:      minmay_arrival_open_corners, layout_loops_ring
D:2:      layout_basic

Action                   || total
-------------------------++-------
Melee: Dagger            ||    15
 Cast: Shock             ||    35
       Magic Dart        ||     5
  Use: Potion            ||     3
Armor: Ring mail         ||    19
Dodge: Dodged            ||    24
